Map: Lightshade LE

Players

ViBE - Winner!

  • Race: Protoss Protoss
  • League: Silver
  • Spawn Location: 5:00

TVT

  • Race: Terran Terran
  • Spawn Location: 11:00

VOD

https://www.youtube.com/watch?v=VjhJ7E-kFgw&list=PLFeZeom2b4DnD3FIu7pzkXl51JX_WWz2h&index=2

Description

Time

  • Played on: March 11, 2021, 7:32 p.m.
  • Length: 14:01
Show
View Real Time Build Order
Export as new Build Order

ViBE Protoss - Winner!

Build Orders: 1 Gate Expand 

Get SALT Encoding   

  12  0:00  Probe  
  13  0:13  Probe  
  14  0:26  Pylon  
  14  0:27  Probe  
  15  0:44  Probe  
  15  0:49  Gateway  
  16  0:56  Probe  
  17  1:06  Assimilator  
  17  1:08  Probe  
  18  1:21  Probe  
  19  1:33  Probe  
  19  1:39  Nexus  
  20  1:45  Probe  
  21  1:48  Gateway  
  21  1:55  Assimilator  
  21  1:57  Probe  
  21  2:01  Pylon  
  22  2:09  Probe  
  23  2:21  Probe  
  24  2:32  Pylon  
  24  2:33  Probe (Chrono Boost)  
  25  2:37  Cybernetics Core  
  26  2:45  Probe (Chrono Boost)  
  26  2:51  Probe (Chrono Boost)  
  26  2:56  Probe  
  28  3:00  Probe (Chrono Boost)  
  29  3:09  Probe (Chrono Boost)  
  29  3:12  Probe (Chrono Boost)  
  31  3:13  Stalker  
  31  3:14  Stalker, Warp Gate  
  31  3:19  Robotics Facility, Probe (Chrono Boost)  
  37  3:20  Probe (Chrono Boost)  
  37  3:24  Probe (Chrono Boost)  
  37  3:26  Probe  
  39  3:35  Pylon, Probe  
  39  3:40  Probe  
  41  3:43  Stalker  
  41  3:44  Stalker  
  41  3:47  Probe  
  46  4:11  Probe x2  
  46  4:13  Stalker  
  46  4:14  Stalker, Immortal  
  56  4:23  Probe x2  
  58  4:32  Nexus  
  58  4:34  Pylon  
  58  4:38  Pylon  
  58  4:40  Probe  
  58  4:41  Probe  
  58  4:44  Assimilator  
  60  4:46  Assimilator  
  60  4:56  Pylon  
  60  4:59  Probe x2  
  62  5:00  Pylon  
  62  5:01  Observer  
  62  5:02  Stalker  
  62  5:03  Stalker  
  67  5:13  Probe (Chrono Boost)  
  69  5:15  Probe (Chrono Boost)  
  69  5:26  Probe (Chrono Boost)  
  69  5:27  Stalker, Probe (Chrono Boost)  
  73  5:28  Stalker  
  73  5:33  Probe (Chrono Boost), Immortal  
  73  5:34  Probe (Chrono Boost)  
  81  5:42  Pylon  
  81  5:47  Probe x3  
  84  5:55  Stalker  
  84  5:56  Stalker  
  88  6:05  Probe  
  88  6:06  Probe x2  
  91  6:25  Gateway  
  91  6:28  Pylon  
  91  6:52  Probe x3  
  94  6:56  Stalker x2  
  94  6:58  Immortal  
  102  7:04  Probe x2  
  102  7:05  Probe  
  105  7:16  Probe x2  
  105  7:17  Probe  
  105  7:19  Twilight Council  
  105  7:20  Gateway  
  105  7:21  Gateway  
  108  7:22  Gateway  
  108  7:23  Gateway  
  108  7:27  Stalker x2  
  112  7:30  Probe x2  
  112  7:31  Probe  
  112  7:34  Nexus  
  115  7:37  Immortal  
  115  7:38  Assimilator x2  
  115  7:42  Probe  
  115  7:43  Probe x2  
  122  7:48  Pylon  
  122  7:52  Pylon  
  122  7:54  Probe  
  122  7:55  Pylon  
  122  7:58  Pylon  
  123  8:03  Stalker  
  125  8:06  Probe x2  
  125  8:07  Stalker  
  129  8:13  Pylon  
  129  8:15  Pylon  
  129  8:31  Pylon  
  129  8:32  Pylon  
  129  8:43  Pylon  
  129  8:59  Pylon x2  
  129  9:10  Stalker  
  129  9:11  Stalker x2  
  129  9:12  Stalker x2  
  129  9:13  Stalker  
  129  9:14  Immortal  
  145  9:19  Forge  
  145  9:31  Gateway  
  145  9:32  Nexus, Probe x2  
  145  9:33  Pylon, Probe x2  
  145  9:34  Gateway  
  145  9:37  Pylon  
  149  9:39  Stalker  
  149  9:40  Stalker x3  
  149  9:41  Stalker  
  149  9:42  Stalker  
  149  9:44  Probe x2  
  149  9:45  Probe x2  
  165  9:47  Gateway x2  
  165  9:51  Gateway  
  165  9:52  Gateway  
  165  9:55  Protoss Ground Weapons Level 1  
  165  9:56  Gateway, Probe  
  165  9:59  Gateway  
  166  10:05  Assimilator x2, Gateway  
  166  10:13  Robotics Facility  
  166  10:17  Pylon  
  166  10:30  Stalker x2  
  166  10:31  Stalker  
  166  10:32  Stalker x2  
  166  10:33  Stalker  
  166  10:34  Stalker x2  
  182  10:43  Immortal  
  186  10:52  Stalker  
  186  10:53  Stalker  
  186  10:54  Stalker x2  
  186  10:55  Stalker  
  186  10:56  Stalker x2  
  190  10:57  Stalker  
  190  10:58  Stalker x2  
  190  10:59  Stalker  
  190  11:00  Stalker  
  190  11:01  Stalker x2  
  190  11:02  Stalker  
  194  11:12  Gateway  
  194  11:13  Gateway  
  194  11:16  Gateway  
  194  11:21  Gateway  
  194  11:24  Gateway  
  194  11:27  Gateway  
  194  11:32  Gateway  
  194  11:35  Gateway  
  194  11:44  Gateway  
  194  11:46  Gateway  
  194  11:49  Gateway  
  194  12:36  Nexus  
  192  12:40  Pylon  
  192  12:43  Pylon  
  192  13:07  Immortal x2  
  186  13:22  Stalker x2  
  186  13:23  Stalker x2  
  186  13:24  Stalker x2  
  186  13:25  Stalker x3  
  186  13:26  Stalker  
  186  13:27  Stalker x3  
  188  13:28  Stalker  
  188  13:29  Stalker x2  
  188  13:30  Stalker x3  
  188  13:31  Stalker x2  
  188  13:32  Stalker  
  188  13:33  Stalker x2  
  188  13:34  Stalker  
  200  13:35  Stalker x2  
  196  13:55  Stalker  
  196  13:56  Stalker  
Show
View Real Time Build Order
Export as new Build Order

TVT Terran 

Build Orders:  

Get SALT Encoding   

  12  0:15  SCV  
  12  0:18  Supply Depot  
  13  0:27  SCV  
  14  0:39  SCV  
  15  0:45  Barracks  
  15  0:51  Supply Depot  
  15  0:56  SCV  
  16  1:08  SCV  
  17  1:20  SCV  
  18  1:32  Supply Depot  
  18  1:41  Barracks  
  18  1:47  Refinery, SCV  
  18  1:49  Refinery  
  19  1:55  Supply Depot  
  19  1:59  SCV  
  20  2:11  SCV  
  21  2:24  SCV  
  21  2:27  Supply Depot  
  22  2:36  SCV  
  23  2:48  SCV  
  24  2:52  Supply Depot  
  24  2:59  Supply Depot  
  24  3:05  Barracks Reactor  
  24  3:06  Barracks Tech Lab  
  24  3:25  Reaper  
  25  3:34  Factory  
  25  3:48  Supply Depot  
  25  3:51  SCV  
  26  4:03  SCV  
  27  4:16  SCV  
  28  4:28  SCV  
  28  4:36  Factory Reactor  
  28  4:40  SCV  
  29  4:50  Command Center  
  29  4:56  Refinery  
  29  4:58  SCV  
  30  5:08  Marine, Engineering Bay  
  30  5:09  Marine  
  30  5:10  SCV  
  30  5:13  Marauder  
  35  5:15  Combat Shield  
  35  5:22  SCV  
  35  5:26  Marine x2  
  38  5:34  SCV, Hellion, Marauder  
  38  5:35  Hellion  
  45  5:44  Marine x2  
  45  5:46  SCV  
  48  5:56  Hellion x2, Marauder  
  54  6:02  Marine x2  
  56  6:17  Marauder  
  58  6:20  SCV  
  59  6:31  Marine  
  59  6:32  Marine, SCV  
  62  6:34  Stimpack  
  62  6:38  Marauder  
  62  6:39  Engineering Bay  
  64  6:44  SCV  
  67  6:57  SCV  
  66  7:05  Terran Infantry Armor Level 1, Terran Infantry Weapons Level 1  
  66  7:09  SCV  
  67  7:45  Starport  
  67  7:49  Orbital Command  
  67  7:53  SCV  
  68  8:05  SCV  
  69  8:17  SCV  
  70  8:20  Factory Tech Lab  
  70  8:25  Factory  
  70  8:29  SCV  
  71  8:36  Supply Depot  
  72  8:41  SCV  
  72  8:44  Medivac x2  
  76  9:08  Refinery  
  76  9:13  Orbital Command  
  44  11:13  Marine x2  
  46  11:19  Marauder  
  46  11:20  Concussive Shells  
  48  11:31  Marine x2  
  50  11:40  Marauder  
  52  11:49  Marine x2  
  54  11:57  Siege Tank  
  54  12:00  Factory Tech Lab  
  57  12:02  Marauder  
  57  12:06  Factory  
  57  12:07  Marine x2  
  61  12:18  Siege Tank  
  64  12:23  Marauder  
  64  12:29  Siege Tank  
  69  12:30  Medivac x2  
  73  12:44  Marauder  
  73  12:50  Siege Tank  
  78  13:00  Medivac x2  
  78  13:01  Siege Tank  
  85  13:14  Marine  
  85  13:15  Marine  
  84  13:22  Siege Tank  
  84  13:24  Factory Reactor  
  78  13:28  Factory Tech Lab  
  78  13:32  Marine x2  
Tags
 
League
Silver
Matchup
PvT
Player
ViBE
Replay Pack
Bronze_League
Spawn Locations
Cross Positions
Add a new tag
Caveats
  • Supply blocks, unpowered buildings, or Contaminate may cause inaccurate times.
  • Supply counts are checked every 10 seconds.